[Event "Titled Tuesday Blitz June 28 Early 2022"]
[White "Ozdemir, Serhan Berat"]
[Black "Sargsyan, Anna M."]
[WhiteFideId "6374611"]
[BlackFideId "13308130"]
[WhiteElo "1920"]
[BlackElo "2271"]
[Result "1-0"]
[Round "05"]
[TimeControl "180+1"]
[Date "2022.06.28"]
[WhiteClock "0:00:55"]
[BlackClock "0:00:02"]

1. e4 c6 2. d4 d5 3. exd5 cxd5 4. c4 Nf6 5. Nc3 Nc6 6. Bg5 Qa5 7. Nf3 Ne4 8. Bd2 Nxd2 9. Qxd2 Bg4 10. cxd5 Bxf3 11. gxf3 Nb4 12. Bb5+ Kd8 13. O-O Nxd5 14. Bc4 Nxc3 15. bxc3 e6 16. d5 Bd6 17. dxe6 Kc7 18. Rab1 Rad8 19. Qe3 fxe6 20. Rb5 Qa4 21. Rfb1 Qxc4 22. Rxb7+ Kc6 23. Qxa7 Kd5 24. R7b5+ Bc5 25. Qc7 e5 26. Qf7+ Kc6 27. Qxc4 1-0


[Site "https://www.chess.com"]

[Event "Titled Tuesday Blitz June 28 Early 2022"]
[White "Papp, Levente"]
[Black "Rom, Jasper"]
[WhiteFideId "751243"]
[BlackFideId "2023733"]
[WhiteElo "2308"]
[BlackElo "2233"]
[Result "1-0"]
[Round "05"]
[TimeControl "180+1"]
[Date "2022.06.28"]
[WhiteClock "0:00:06"]
[BlackClock "0:00:02"]

1. Nf3 d5 2. g3 Nf6 3. Bg2 e6 4. O-O Be7 5. c4 O-O 6. b3 b6 7. Bb2 Bb7 8. e3 Na6 9. d4 c5 10. cxd5 Bxd5 11. Nc3 Bb7 12. dxc5 Nxc5 13. Qc2 Qd3 14. Rac1 Qxc2 15. Rxc2 Nd3 16. Ba1 Rac8 17. Rd2 Nb4 18. Rfd1 Rfd8 19. Nd4 Bxg2 20. Kxg2 a6 21. e4 Kf8 22. a3 Nc6 23. Nxc6 Rxd2 24. Rxd2 Rxc6 25. b4 Ke8 26. e5 Nd7 27. Ne4 b5 28. Bd4 f6 29. f4 f5 30. Nf2 Nb6 31. Bxb6 Rxb6 32. Rc2 Kd7 33. Nd3 Rc6 34. Rxc6 Kxc6 35. h3 Kd5 36. Kf3 Kc4 37. Ke3 g6 38. g4 Bd8 39. Ke2 Bb6 40. Kd2 Bd4 41. Ke2 Kd5 42. Kf3 Kc4 43. Ke2 Bb6 44. Kd2 h6 45. Ke2 Bd8 46. Nc5 Be7 47. Nxe6 Kb3 48. gxf5 gxf5 49. Nd4+ Kxa3 50. Nxf5 Bf8 51. e6 Kxb4 52. e7 Bxe7 53. Nxe7 a5 54. f5 a4 55. f6 a3 56. f7 a2 57. f8=Q a1=Q 58. Nd5+ Kc4 59. Ne3+ Kb3 60. Qf7+ Ka3 61. Nc2+ 1-0


[Site "https://www.chess.com"]

[Event "Titled Tuesday Blitz June 28 Early 2022"]
[White "Perez Gormaz, Matias"]
[Black "Gaisinsky, Adam"]
[WhiteFideId "3406342"]
[BlackFideId "2620561"]
[WhiteElo "2341"]
[BlackElo "1965"]
[Result "1-0"]
[Round "05"]
[TimeControl "180+1"]
[Date "2022.06.28"]
[WhiteClock "0:01:37"]
[BlackClock "0:01:06"]

1. e4 e5 2. Nf3 Nc6 3. Bc4 Nf6 4. d3 Bc5 5. c3 a6 6. h3 d6 7. Nbd2 Ba7 8. Bb3 O-O 9. Nf1 d5 10. Qe2 Re8 11. Ng3 Bd7 12. Bg5 dxe4 13. dxe4 Na5 14. Nh5 Nxb3 15. axb3 Re6 16. Rd1 Qe8 17. Bxf6 gxf6 18. Nh4 Kh8 19. Qg4 Qf8 20. Rxd7 1-0


[Site "https://www.chess.com"]

[Event "Titled Tuesday Blitz June 28 Early 2022"]
[White "Petrova, Irina"]
[Black "Bettalli, Francesco"]
[WhiteFideId "14124122"]
[BlackFideId "2816453"]
[WhiteElo "1993"]
[BlackElo "2216"]
[Result "0-1"]
[Round "05"]
[TimeControl "180+1"]
[Date "2022.06.28"]
[WhiteClock "0:00:08"]
[BlackClock "0:00:06"]

1. e4 e5 2. Nf3 Nf6 3. Nxe5 Nc6 4. Nxc6 dxc6 5. d3 Bc5 6. Be2 h5 7. h3 Qd6 8. Nc3 Be6 9. Bg5 O-O-O 10. Qd2 Bb4 11. Qf4 Qc5 12. Bxf6 gxf6 13. Qxf6 Rhg8 14. O-O Bxh3 15. Bf3 Be6 16. a3 Bxc3 17. Qxc3 Qg5 18. d4 h4 19. Qc5 Qxc5 20. dxc5 Rd2 21. Rac1 Rgd8 22. Rfd1 R8d4 23. Kf1 Kd7 24. Rxd2 Rxd2 25. Rd1 Rxd1+ 26. Bxd1 Ke7 27. f4 Kf6 28. Kf2 b6 29. cxb6 cxb6 30. Ke3 Ke7 31. Bf3 Kd6 32. e5+ Kc5 33. Be4 Bg4 34. f5 Bh5 35. Kf4 Be2 36. Kg5 Kd4 37. Bxc6 Kxe5 38. Bb7 Bd1 39. c3 Bc2 40. f6 Bg6 41. Kxh4 Kxf6 42. Kg4 Ke5 43. Kf3 Bh5+ 44. Ke3 f5 45. b3 f4+ 46. Kd3 Bg6+ 47. Kc4 Be4 48. Bxe4 Kxe4 49. Kb5 Ke3 50. c4 Kf2 51. b4 Kxg2 52. c5 bxc5 53. bxc5 f3 54. c6 f2 55. c7 f1=Q+ 56. Kc6 Qc4+ 57. Kb7 Qb5+ 58. Kxa7 Qc6 59. Kb8 Qb6+ 60. Kc8 Kf3 61. a4 Ke4 62. a5 Qc6 63. Kb8 Qd6 64. Kb7 Qd7 65. Kb8 Qb5+ 66. Ka7 Qc5+ 67. Kb7 Qb4+ 68. Ka7 Qxa5+ 69. Kb7 Qb5+ 70. Ka7 Qc6 71. Kb8 Qb6+ 72. Ka8 Qa6+ 73. Kb8 Qd6 74. Ka8 Qc5 75. Kb8 Qb6+ 76. Ka8 Qa6+ 77. Kb8 Qb5+ 78. Ka8 Qe8+ 79. Kb7 Qd7 80. Ka8 Qc8+ 81. Ka7 Qxc7+ 0-1


[Site "https://www.chess.com"]

[Event "Titled Tuesday Blitz June 28 Early 2022"]
[White "Piesik, Piotr"]
[Black "Jones, Gawain C B"]
[WhiteFideId "1136194"]
[BlackFideId "409561"]
[WhiteElo "2247"]
[BlackElo "2657"]
[Result "0-1"]
[Round "05"]
[TimeControl "180+1"]
[Date "2022.06.28"]
[WhiteClock "0:00:01"]
[BlackClock "0:00:03"]

1. Nf3 Nf6 2. g3 g6 3. Bg2 Bg7 4. O-O O-O 5. d4 d5 6. c4 c6 7. Nc3 dxc4 8. a4 Bf5 9. e3 Ne4 10. a5 Na6 11. Qa4 Nxc3 12. bxc3 Bd3 13. Rd1 Nc7 14. Ne1 Nd5 15. Bb2 b5 16. axb6 Nxb6 17. Qxc6 Bf5 18. Qc5 Qd7 19. Bxa8 Rxa8 20. f3 h5 21. e4 Be6 22. Ng2 Rb8 23. Qa5 Rb7 24. Nf4 Bh6 25. Bc1 Kh7 26. Nxe6 Qxe6 27. Bxh6 Kxh6 28. h4 f6 29. Kg2 g5 30. hxg5+ fxg5 31. Qe5 Qxe5 32. dxe5 Nd7 33. f4 Nc5 34. Ra2 Nxe4 35. Rc2 Rb3 36. Rd4 Nxc3 37. Rxc4 Nd5 38. Kh2 Ne3 39. R4c3 Ng4+ 40. Kh3 Rb1 41. fxg5+ Kxg5 42. Kg2 Re1 43. Ra2 Rxe5 44. Rxa7 Re2+ 45. Kf3 Rf2+ 46. Ke4 Nf6+ 47. Kd4 Rd2+ 48. Ke3 Rd1 49. Ra5+ Kg4 50. Rc4+ Kxg3 51. Rg5+ Ng4+ 52. Ke2 Rh1 53. Re4 Rh2+ 54. Kd3 Rh3 55. Ke2 Kh4 0-1


[Site "https://www.chess.com"]

[Event "Titled Tuesday Blitz June 28 Early 2022"]
[White "Piliczewski, Bogusz"]
[Black "Flynn, Jacob"]
[WhiteFideId "1104144"]
[BlackFideId "2509393"]
[WhiteElo "1896"]
[BlackElo "1896"]
[Result "0-1"]
[Round "05"]
[TimeControl "180+1"]
[Date "2022.06.28"]
[WhiteClock "0:00:01"]
[BlackClock "0:00:20"]

1. d4 Nf6 2. Nf3 g6 3. Bf4 Bg7 4. e3 O-O 5. Be2 d5 6. h3 c5 7. c3 Nc6 8. O-O Nd7 9. Nbd2 e5 10. Bh2 exd4 11. exd4 cxd4 12. cxd4 Nxd4 13. Nxd4 Bxd4 14. Qb3 Nb6 15. Nf3 Bg7 16. Rfd1 Be6 17. Nd4 Qf6 18. Nxe6 fxe6 19. Bg3 Qxb2 20. Qxb2 Bxb2 21. Rab1 Bf6 22. Bg4 Kf7 23. Bc7 Bd8 24. Rdc1 Rc8 25. Bxd8 Rfxd8 26. Re1 Re8 27. a4 Rc7 28. a5 Nc4 29. a6 bxa6 30. Re2 a5 31. Rbe1 Rc6 32. Bf3 Rb6 33. Bxd5 Na3 34. Ba2 Nb5 35. Bc4 Nd4 36. Re4 Rd6 37. f4 Kf6 38. g4 Nf3+ 39. Kg2 Nxe1+ 40. Rxe1 Rc8 41. Re4 a4 42. g5+ Ke7 43. Kf3 a3 44. Ba2 Rc3+ 45. Kg4 Rc2 46. Bb3 a2 47. Bxc2 a1=Q 0-1


[Site "https://www.chess.com"]

[Event "Titled Tuesday Blitz June 28 Early 2022"]
[White "Plazuelo Pascual, Juan"]
[Black "Large, Peter G"]
[WhiteFideId "32059566"]
[BlackFideId "400866"]
[WhiteElo "2359"]
[BlackElo "2064"]
[Result "1-0"]
[Round "05"]
[TimeControl "180+1"]
[Date "2022.06.28"]
[WhiteClock "0:00:05"]
[BlackClock "0:00:03"]

1. e4 e5 2. Nf3 Nc6 3. Nc3 g6 4. Bb5 Bg7 5. O-O Nge7 6. Nd5 O-O 7. d3 h6 8. a3 d6 9. Nxe7+ Nxe7 10. d4 Bg4 11. dxe5 dxe5 12. Be2 c6 13. c3 Qc7 14. Be3 Be6 15. Qc1 Kh7 16. Nd2 Rad8 17. Rd1 f5 18. f3 f4 19. Bc5 b6 20. Bf2 g5 21. Nc4 Rxd1+ 22. Qxd1 Rd8 23. Qc2 b5 24. Nd2 Ng6 25. Nb3 Bf8 26. Nc5 Bc8 27. Rd1 Be7 28. b4 h5 29. a4 a6 30. Qb3 Bxc5 31. Bxc5 Kg7 32. a5 Rxd1+ 33. Qxd1 Qd7 34. Bd6 g4 35. c4 gxf3 36. Bxf3 Kf6 37. c5 Nh4 38. Kf2 Qe6 39. Bxh5 Qa2+ 40. Be2 Bg4 41. Bc7 Bxe2 42. Qxe2 Qb3 43. Bd8+ Ke6 44. Bxh4 Qxb4 45. Qg4+ Kf7 46. Qf5+ Ke8 47. Qe6+ Kf8 48. Qe7+ Kg8 49. Kf3 1-0


[Site "https://www.chess.com"]

[Event "Titled Tuesday Blitz June 28 Early 2022"]
[White "Polster, Christian"]
[Black "Kalogridis, Antonios"]
[WhiteFideId "12965081"]
[BlackFideId "25833901"]
[WhiteElo "2290"]
[BlackElo "1596"]
[Result "1/2-1/2"]
[Round "05"]
[TimeControl "180+1"]
[Date "2022.06.28"]
[WhiteClock "0:00:03"]
[BlackClock "0:01:01"]

1. e4 c5 2. Nc3 e6 3. Nge2 Nc6 4. g3 d5 5. exd5 exd5 6. d4 Nf6 7. Bg2 cxd4 8. Nxd4 Bc5 9. Be3 O-O 10. O-O Qe7 11. Re1 Be6 12. Nxe6 fxe6 13. Bxc5 Qxc5 14. Rxe6 h5 15. Rxf6 Rxf6 16. Qxd5+ Qxd5 17. Nxd5 Rd6 18. c4 Rad8 19. h4 Kf7 20. Bf3 g6 21. Kg2 Ne5 22. Be2 b5 23. b3 bxc4 24. bxc4 Rc8 25. Rb1 Nxc4 26. Rb7+ Kf8 27. Bxc4 Rxc4 28. Rb8+ Kg7 29. Rb7+ Kh6 30. Ne7 Rd8 31. Rxa7 Rc2 32. Kf3 Rf8+ 33. Ke3 Rcxf2 34. Ng8+ Rxg8 35. Kxf2 Rf8+ 36. Kg2 Re8 37. a4 Rd8 38. a5 Rd2+ 39. Kh3 g5 40. Ra6+ Kg7 41. hxg5 Rd5 42. Kh4 Rd4+ 43. Kxh5 Rd3 44. Kg4 Rd4+ 45. Kh5 Rd3 46. Kh4 Rd4+ 47. Kh5 1/2-1/2


[Site "https://www.chess.com"]

[Event "Titled Tuesday Blitz June 28 Early 2022"]
[White "Prieto Aranguren, Alain"]
[Black "Manukian, Artak"]
[WhiteFideId "2268906"]
[BlackFideId "13301373"]
[WhiteElo "2224"]
[BlackElo "2456"]
[Result "0-1"]
[Round "05"]
[TimeControl "180+1"]
[Date "2022.06.28"]
[WhiteClock "0:00:22"]
[BlackClock "0:00:44"]

1. d4 Nf6 2. Bg5 c5 3. Nc3 cxd4 4. Qxd4 Nc6 5. Qh4 h6 6. e4 Qa5 7. Bd2 g5 8. Qg3 Qe5 9. Nf3 Qxg3 10. hxg3 Bg7 11. O-O-O Ng4 12. Nd5 Nxf2 13. Nc7+ Kd8 14. Nxa8 Nxh1 15. Be1 b6 16. Bc4 Bb7 17. Nxb6 axb6 18. Bxf7 Kc7 19. g4 d6 20. Bd5 Ne5 21. Kd2 Rf8 22. Nxe5 Bxe5 23. Ke2 Ng3+ 24. Bxg3 Bxg3 25. Kd3 Rf2 26. Rh1 Bh4 27. g3 Rf3+ 28. Kc4 Ba6+ 29. Kb4 Rxg3 30. c4 Rxg4 31. Rf1 Rf4 32. Rg1 Bf2 33. Rh1 Rh4 34. Rf1 Bc5+ 35. Ka4 Rf4 36. Rh1 Rf6 37. b4 Bd4 38. a3 g4 39. Rh5 g3 40. Rh1 g2 0-1


[Site "https://www.chess.com"]

[Event "Titled Tuesday Blitz June 28 Early 2022"]
[White "Pulpan, Jakub"]
[Black "Bharath Subramaniyam H"]
[WhiteFideId "302759"]
[BlackFideId "46634827"]
[WhiteElo "2495"]
[BlackElo "2242"]
[Result "1/2-1/2"]
[Round "05"]
[TimeControl "180+1"]
[Date "2022.06.28"]
[WhiteClock "0:00:14"]
[BlackClock "0:00:09"]

1. c4 e5 2. Nc3 Nc6 3. Nf3 f5 4. d4 e4 5. d5 Nce7 6. Ng5 d6 7. e3 Nf6 8. Be2 Ng6 9. Bh5 Be7 10. Ne6 Bxe6 11. dxe6 c6 12. g4 fxg4 13. Bxg4 Ne5 14. Bf5 d5 15. cxd5 cxd5 16. Qa4+ Kf8 17. Bd2 Nf3+ 18. Kd1 g6 19. Bh3 a6 20. Bg2 b5 21. Qb3 Ne5 22. Rf1 Qd6 23. f4 Nc4 24. Rc1 Qxe6 25. Kc2 Rc8 26. a3 d4 27. Rcd1 dxc3 28. bxc3 Nxa3+ 29. Kb2 Qxb3+ 30. Kxb3 Nc4 31. Bc1 Kf7 32. f5 Rhd8 33. fxg6+ hxg6 34. Rxd8 Rxd8 35. Bxe4 a5 36. Bc6 a4+ 37. Kc2 Rb8 38. e4 Kg7 39. e5 Nxe5 40. Bg2 b4 41. cxb4 Rc8+ 42. Kb1 Bxb4 43. Bb2 Bc3 44. Rc1 Bxb2 45. Rxc8 a3 46. Ra8 Nc4 47. Ra7+ Kh6 48. Ra6 Ng4 49. Be4 Nge5 50. Ka2 Ne3 51. Bxg6 Nxg6 52. h4 Nc4 53. Rc6 Ne5 54. Ra6 Nd3 55. Rxa3 Bxa3 56. Kxa3 Kh5 57. Kb3 Ndf4 58. Kc4 Ne5+ 59. Kd4 Ng4 60. Ke4 Ng6 61. Kf5 Nf8 62. Kf4 Nh7 63. Kf5 Nhf6 64. Kf4 Nh6 65. Ke5 Kg6 66. h5+ Kg5 67. Ke6 Nfg4 68. Kd5 Kf5 69. Kd4 Kf4 70. Kd5 Ne5 71. Ke6 Ke4 72. Kf6 Kd5 73. Kg5 Neg4 74. Kf4 Kd4 75. Kf3 Kd3 76. Kf4 Kd4 77. Kf3 Ne3 78. Kf4 Nef5 79. Kf3 Ke5 80. Ke2 Ke4 81. Kd2 Kd4 82. Ke2 Nh4 83. Kf2 Ke4 84. Kg3 Nf3 85. Kf2 Nd4 86. Ke1 Ke3 87. Kd1 Kd3 88. Kc1 Kc3 89. Kd1 Ng4 90. h6 Nxh6 1/2-1/2


[Site "https://www.chess.com"]

[Event "Titled Tuesday Blitz June 28 Early 2022"]
[White "Richter, Nils"]
[Black "Haas, Michael"]
[WhiteFideId "12990809"]
[BlackFideId "1629514"]
[WhiteElo "2311"]
[BlackElo "1982"]
[Result "1-0"]
[Round "05"]
[TimeControl "180+1"]
[Date "2022.06.28"]
[WhiteClock "0:01:35"]
[BlackClock "0:01:26"]

1. e4 e6 2. d4 d5 3. Nd2 c5 4. exd5 Qxd5 5. Ngf3 cxd4 6. Bc4 Qd6 7. O-O Nf6 8. Nb3 Nc6 9. Nbxd4 Nxd4 10. Qxd4 Qxd4 11. Nxd4 Bc5 12. Nb5 O-O 13. Nc7 Rb8 14. Bf4 b5 15. Nxb5 Rb7 16. b3 Nd5 17. Bd6 Bxd6 18. Nxd6 Rd7 19. Nxc8 Rxc8 20. Rad1 Rcd8 21. Bxd5 Rxd5 22. Rxd5 Rxd5 23. Rc1 Kf8 24. Kf1 Ke7 25. Ke2 Kd6 26. c4 Re5+ 27. Kd3 Kc5 28. a3 a5 29. Rb1 Rh5 30. b4+ axb4 31. axb4+ Kc6 32. h3 Rg5 33. g3 Rh5 34. h4 g5 35. hxg5 Rxg5 36. Ra1 Rf5 37. f4 Kb7 38. Ke4 h5 39. Ra5 Rxa5 40. bxa5 Ka6 1-0


[Site "https://www.chess.com"]

[Event "Titled Tuesday Blitz June 28 Early 2022"]
[White "Rios Escobar, Adan"]
[Black "Janaszak, Dawid"]
[WhiteFideId "3403645"]
[BlackFideId "1119206"]
[WhiteElo "2466"]
[BlackElo "2199"]
[Result "1-0"]
[Round "05"]
[TimeControl "180+1"]
[Date "2022.06.28"]
[WhiteClock "0:00:22"]
[BlackClock "0:00:42"]

1. d4 Nf6 2. g3 c6 3. c4 d5 4. Nf3 g6 5. Bg2 Bg7 6. Qb3 a5 7. Nc3 O-O 8. cxd5 cxd5 9. O-O Nc6 10. Bf4 Nh5 11. Be3 e6 12. Rfc1 Nf6 13. Nb5 Ne8 14. Bf4 a4 15. Qa3 Qa5 16. Rc5 Qb6 17. e3 Bd7 18. Rac1 h6 19. h4 Ra5 20. Bf1 f6 21. g4 g5 22. Bg3 Rf7 23. Bd3 Bf8 24. Bg6 Rg7 25. Bxe8 Bxe8 26. Qd3 Bxc5 27. Rxc5 Nb4 28. Qd2 Rxb5 29. Rc8 Re7 30. a3 Na6 31. Qc2 Rxb2 32. Qg6+ Kf8 33. Qxf6+ Rf7 34. Qh8+ Ke7 35. Qxe8+ Kf6 36. Be5+ Kg6 37. h5+ 1-0


[Site "https://www.chess.com"]

[Event "Titled Tuesday Blitz June 28 Early 2022"]
[White "Rosen, Eric"]
[Black "Suleymanli, Suleyman"]
[WhiteFideId "2032562"]
[BlackFideId "13416375"]
[WhiteElo "2362"]
[BlackElo "1598"]
[Result "0-1"]
[Round "05"]
[TimeControl "180+1"]
[Date "2022.06.28"]
[WhiteClock "0:00:05"]
[BlackClock "0:00:33"]

1. d4 d5 2. Bf4 Nf6 3. e3 Bg4 4. Nf3 e6 5. Nbd2 Bd6 6. Bg3 Nbd7 7. c3 Qe7 8. Be2 h5 9. Ne5 Bxe2 10. Qxe2 Bxe5 11. dxe5 Ne4 12. f4 Ndc5 13. Nf3 h4 14. Bf2 h3 15. g4 Qd7 16. O-O-O Qa4 17. Kb1 b5 18. Rd4 Qa5 19. Rc1 a6 20. Be1 Qb6 21. Qf1 a5 22. Rcd1 a4 23. Rb4 c6 24. f5 a3 25. Nd4 axb2 26. Rxb2 Ra3 27. c4 Na4 28. cxb5 Nac3+ 29. Bxc3 Nxc3+ 30. Ka1 Nxd1 31. Qxd1 c5 32. Nc6 Rxe3 33. Qb1 Re4 34. fxe6 fxe6 35. Rf2 Rf8 0-1


[Site "https://www.chess.com"]

[Event "Titled Tuesday Blitz June 28 Early 2022"]
[White "Rosenberg, Evan S"]
[Black "Shohat, Yotam"]
[WhiteFideId "2019299"]
[BlackFideId "2813955"]
[WhiteElo "2169"]
[BlackElo "2119"]
[Result "0-1"]
[Round "05"]
[TimeControl "180+1"]
[Date "2022.06.28"]
[WhiteClock "0:00:19"]
[BlackClock "0:00:06"]

1. e4 c5 2. Nc3 d6 3. f4 Nf6 4. Nf3 a6 5. a4 Nc6 6. Bc4 e6 7. d3 d5 8. Ba2 dxe4 9. dxe4 Qxd1+ 10. Kxd1 Bd7 11. e5 Ng4 12. Ke2 Nd4+ 13. Nxd4 cxd4 14. Ne4 Bc6 15. Nd6+ Bxd6 16. exd6 O-O-O 17. h3 Nf6 18. f5 exf5 19. Bf4 Rhe8+ 20. Kd3 Re4 21. Rhf1 Bxa4 22. Bxf7 Bb5+ 23. Bc4 Bxc4+ 24. Kxc4 Kd7 25. Ra5 Rc8+ 26. Kd3 g6 27. g4 Ke6 28. gxf5+ gxf5 29. h4 Nd5 30. Rxd5 Kxd5 31. d7 Rd8 32. Bg5 Rxd7 33. Rxf5+ Re5 34. Rf4 Re3+ 35. Kd2 Ke5 36. Rf8 Rh3 37. Bf6+ Ke4 38. Re8+ Kf5 39. Bg5 d3 40. cxd3 Rhxd3+ 41. Kc2 R3d5 42. Rf8+ Kg4 43. Rf4+ Kg3 44. Rf6 Rd4 45. Rb6 Rc4+ 46. Kb3 Rc6 47. Rb4 Rd3+ 48. Ka2 b5 49. Re4 Rc4 50. Re7 h5 51. Rg7 Rxh4 52. Bxh4+ Kxh4 53. Rg6 Rg3 54. Rxa6 Kh3 55. Rh6 Rg5 56. Kb3 Kg4 57. Kb4 h4 58. Ka5 Kg3 59. Rd6 h3 60. Rd1 h2 61. Rh1 Kg2 62. Rxh2+ Kxh2 63. b4 Kg3 64. Kb6 Kf4 65. Ka5 Ke4 66. Kb6 Kd4 67. Ka5 Kc4 68. Ka6 Kxb4 69. Kb6 Rg6+ 70. Kc7 Kc5 71. Kd7 Kd5 72. Ke7 Ke5 73. Kf7 Kf5 74. Ke7 Rf6 75. Kd7 Ke5 76. Ke7 Rh6 77. Kd7 b4 78. Ke7 b3 79. Kf7 b2 80. Kg7 Re6 81. Kf7 b1=Q 82. Kg7 Qb7+ 83. Kf8 Ra6 84. Ke8 Ra8# 0-1


[Site "https://www.chess.com"]

[Event "Titled Tuesday Blitz June 28 Early 2022"]
[White "Royal, Shreyas"]
[Black "Mekhane, Adam"]
[WhiteFideId "448869"]
[BlackFideId "36050601"]
[WhiteElo "1986"]
[BlackElo "2002"]
[Result "0-1"]
[Round "05"]
[TimeControl "180+1"]
[Date "2022.06.28"]
[WhiteClock "0:00:30"]
[BlackClock "0:00:06"]

1. d4 Nf6 2. c4 g6 3. Nc3 Bg7 4. e4 d6 5. Nge2 O-O 6. Ng3 c5 7. d5 e6 8. Be2 exd5 9. cxd5 a6 10. a4 Re8 11. O-O Nbd7 12. Qc2 Rb8 13. Re1 Qa5 14. Bd2 Qc7 15. Bf1 h5 16. h3 h4 17. Nh1 b5 18. axb5 axb5 19. Bxb5 c4 20. Be3 Nc5 21. Bxe8 Nxe8 22. Bxc5 Qxc5 23. Na4 Qd4 24. Red1 Qe5 25. Qxc4 Nf6 26. f3 Nh5 27. Qc7 Ra8 28. Nb6 Rxa1 29. Qxc8+ Kh7 30. Rxa1 Qd4+ 31. Nf2 Qxb6 32. Rb1 Bd4 33. Qc2 Ng3 34. b4 Qb5 35. Kh2 Nf1+ 36. Kg1 Ng3 37. Re1 Qxb4 38. Rd1 Qb6 39. Qd2 Be3 40. Qc2 Qb5 41. Qd3 Qc5 42. Rf1 Nxf1 43. Qxf1 Kg8 44. Qe2 Qd4 45. Kf1 Qa1+ 46. Nd1 Ba7 47. Qd3 Qc1 48. Ke2 Qc5 49. Kd2 Qg1 50. Qe2 Qd4+ 51. Kc2 Bc5 52. Nc3 Qb4 53. Qb5 Qd4 54. Qd3 Qf2+ 55. Qe2 Qd4 56. f4 Kg7 57. Qd3 Qf2+ 58. Qd2 Qg3 59. e5 Be3 60. Qd3 Bxf4 61. e6 Qxd3+ 62. Kb3 fxe6 63. dxe6 Be5 64. e7 Qxc3+ 65. Ka4 Kf7 66. e8=Q+ Kxe8 67. Kb5 Bd4 68. Ka6 Qc5 69. Kb7 Qb6+ 70. Ka8 Qc7 0-1


[Site "https://www.chess.com"]

[Event "Titled Tuesday Blitz June 28 Early 2022"]
[White "Sadubayev, Airat"]
[Black "Vainio, Ville"]
[WhiteFideId "13713264"]
[BlackFideId "507270"]
[WhiteElo "2230"]
[BlackElo "2233"]
[Result "1/2-1/2"]
[Round "05"]
[TimeControl "180+1"]
[Date "2022.06.28"]
[WhiteClock "0:00:01"]
[BlackClock "0:00:03"]

1. d4 d6 2. c4 e5 3. dxe5 dxe5 4. Qxd8+ Kxd8 5. Nf3 f6 6. Nc3 Be6 7. e4 Nd7 8. Be3 c6 9. O-O-O Kc7 10. b3 Nh6 11. Kb2 Ng4 12. Rd3 Nc5 13. Rd2 Nxe3 14. fxe3 a5 15. Be2 a4 16. Rhd1 Be7 17. Ne1 Rhd8 18. Nd3 axb3 19. axb3 Nxd3+ 20. Rxd3 Rxd3 21. Rxd3 Ba3+ 22. Kc2 Bb4 23. Na4 Bxc4 24. bxc4 Rxa4 25. Kb3 Ra1 26. Kxb4 Re1 27. Bf3 Rb1+ 28. Kc3 Ra1 29. Kc2 Ra2+ 30. Kc3 Ra3+ 31. Kb2 Ra4 32. Kb3 Ra1 33. Kc3 Ra3+ 34. Kd2 Ra4 35. Kc3 Ra3+ 1/2-1/2


[Site "https://www.chess.com"]

[Event "Titled Tuesday Blitz June 28 Early 2022"]
[White "Sahil, Tickoo"]
[Black "Mangialardo, Tiago Carvalho"]
[WhiteFideId "5019710"]
[BlackFideId "2130718"]
[WhiteElo "2047"]
[BlackElo "2063"]
[Result "1-0"]
[Round "05"]
[TimeControl "180+1"]
[Date "2022.06.28"]
[WhiteClock "0:01:43"]
[BlackClock "0:00:01"]

1. d4 d5 2. Bf4 Bf5 3. e3 Nf6 4. c4 e6 5. Nc3 Bd6 6. Bg3 Bxg3 7. hxg3 Bg6 8. Qb3 Nbd7 9. Nf3 Nb6 10. cxd5 Nfxd5 11. Rc1 c6 12. Nh4 Qg5 13. Nxg6 Qxg6 14. Qc2 Qxc2 15. Rxc2 Ke7 16. a3 h5 17. Be2 g6 18. Bf3 f5 19. Ke2 Nc4 20. Na4 Nd6 21. Nc5 Rac8 22. Nd3 Nf7 23. Rhc1 Rc7 24. Bxd5 exd5 25. b4 a6 26. Nf4 Kf6 27. Nxd5+ cxd5 28. Rxc7 Nd6 29. f3 g5 30. Kf2 g4 31. Rd7 Ke6 32. Rcc7 h4 33. gxh4 Rxh4 34. Re7+ Kf6 35. Rcd7 Nb5 36. Kg3 Rh5 37. Kf4 1-0


[Site "https://www.chess.com"]

[Event "Titled Tuesday Blitz June 28 Early 2022"]
[White "Samsonkin, Artiom"]
[Black "Nozdrachev, Leonid"]
[WhiteFideId "13503111"]
[BlackFideId "24113433"]
[WhiteElo "2513"]
[BlackElo "2129"]
[Result "1-0"]
[Round "05"]
[TimeControl "180+1"]
[Date "2022.06.28"]
[WhiteClock "0:01:20"]
[BlackClock "0:01:22"]

1. d4 c6 2. Nf3 d5 3. Bf4 Bf5 4. e3 e6 5. c4 Nd7 6. Qb3 Qb6 7. c5 Qxb3 8. axb3 Bxb1 9. Rxb1 b6 10. Ba6 bxc5 11. Bb7 Rd8 12. Bxc6 cxd4 13. Ne5 Nf6 14. Bg5 Bb4+ 15. Ke2 Rc8 16. Bxf6 gxf6 17. Bxd7+ Ke7 18. Bxc8 Rxc8 19. Nd3 Rc2+ 20. Kf3 1-0


[Site "https://www.chess.com"]

[Event "Titled Tuesday Blitz June 28 Early 2022"]
[White "Samunenkov, Ihor"]
[Black "Garv Gaur"]
[WhiteFideId "14187086"]
[BlackFideId "45030839"]
[WhiteElo "2409"]
[BlackElo "1950"]
[Result "0-1"]
[Round "05"]
[TimeControl "180+1"]
[Date "2022.06.28"]
[WhiteClock "0:00:02"]
[BlackClock "0:00:12"]

1. e4 c6 2. d4 d5 3. exd5 cxd5 4. Bd3 Nc6 5. c3 Qc7 6. Ne2 Bg4 7. O-O e6 8. Qe1 Nf6 9. h3 Bh5 10. Nf4 Bg6 11. Nxg6 hxg6 12. a4 Bd6 13. Na3 a6 14. b4 Ne7 15. c4 dxc4 16. Nxc4 O-O 17. Ba3 Rfe8 18. Rc1 Qd8 19. g3 Bc7 20. Ne5 Bxe5 21. Qxe5 Nc6 22. Qe3 Qxd4 23. Qxd4 Nxd4 24. Rc7 Rab8 25. Rfc1 Nd5 26. Rd7 Nf3+ 27. Kg2 Ne5 28. Rxd5 exd5 29. Bf1 Rbc8 30. Rd1 Nc4 31. Bc1 Red8 32. Rd4 Ne5 33. Bf4 Nc6 34. Rd1 Nxb4 35. Rb1 a5 36. Rd1 d4 37. Be5 d3 38. Kf3 f6 39. Bf4 Rc2 40. Be3 Rc6 41. Rd2 Rcd6 42. Bc5 Rd5 43. Be3 Nc2 44. Bb6 R8d7 45. h4 Nd4+ 46. Kg4 Nb3 47. Rd1 Kh7 48. Bg2 R5d6 49. Be3 Rc7 50. Bf4 Rc4 51. Kf3 Rd7 52. Bf1 Rc3 53. Be3 d2 54. Ke2 Rc1 55. Bg2 Nd4+ 56. Bxd4 Rxd4 57. Bxb7 Rxd1 58. Kxd1 Rb4 59. Bc6 Rb2 60. Be4 f5 61. Bc2 Rb4 62. Kxd2 Kg8 63. Kc3 Kf7 64. Kd2 Kf6 65. Kc3 Ke5 66. Kd3 f4 67. Ke2 fxg3 68. fxg3 Kf6 69. Ke3 g5 70. h5 g4 71. Kd3 Kg5 72. Kc3 Kxh5 73. Kd3 Kg5 74. Ke3 Kf6 75. Kd3 Ke5 76. Ke3 Rc4 77. Bd1 Rc3+ 78. Kf2 Ra3 79. Kg2 Kf5 80. Kf2 Ra2+ 81. Ke3 Ra3+ 82. Kf2 g5 83. Kg2 Ke5 84. Kf2 Ke4 85. Bc2+ Kd4 86. Bd1 Ra2+ 87. Kf1 Ke3 0-1


[Site "https://www.chess.com"]

[Event "Titled Tuesday Blitz June 28 Early 2022"]
[White "Sanchez, Robert"]
[Black "Rustemov, Alexander"]
[WhiteFideId "2034360"]
[BlackFideId "4119002"]
[WhiteElo "2062"]
[BlackElo "2743"]
[Result "1/2-1/2"]
[Round "05"]
[TimeControl "180+1"]
[Date "2022.06.28"]
[WhiteClock "0:00:35"]
[BlackClock "0:00:40"]

1. e4 e6 2. d4 d5 3. Nc3 Bb4 4. e5 c5 5. Bd2 Ne7 6. Nf3 Bxc3 7. Bxc3 b6 8. Qd2 Ba6 9. O-O-O Bxf1 10. Rdxf1 O-O 11. Kb1 Nbc6 12. h4 Rc8 13. h5 h6 14. g4 f6 15. dxc5 fxe5 16. Nxe5 bxc5 17. g5 d4 18. Nxc6 Rxc6 19. Ba5 Qd5 20. gxh6 gxh6 21. Qxh6 Kf7 22. Rhg1 Ke8 23. Rg7 Qf5 24. Bd2 Rf6 25. Qh8+ Rf8 26. Qh6 Rf6 27. Qh8+ Rf8 28. Qh6 1/2-1/2


[Site "https://www.chess.com"]

[Event "Titled Tuesday Blitz June 28 Early 2022"]
[White "Sargissyan, Sargis"]
[Black "Karaev, Seit-Amet"]
[WhiteFideId "13303210"]
[BlackFideId "4169549"]
[WhiteElo "2174"]
[BlackElo "2272"]
[Result "1-0"]
[Round "05"]
[TimeControl "180+1"]
[Date "2022.06.28"]
[WhiteClock "0:00:07"]
[BlackClock "0:00:11"]

1. e4 Nf6 2. e5 Nd5 3. d4 d6 4. Nf3 g6 5. h3 Bg7 6. c4 Nb6 7. Nc3 O-O 8. Be3 Nc6 9. exd6 cxd6 10. Be2 e5 11. d5 Ne7 12. O-O Nf5 13. Bg5 f6 14. Bd2 Bd7 15. Ne4 Qc7 16. Rc1 Nd4 17. Nxd4 exd4 18. Bf4 Nc8 19. c5 f5 20. Nxd6 Qa5 21. c6 bxc6 22. dxc6 Be6 23. Bc4 Bxc4 24. Nxc4 Qxa2 25. Qf3 Nb6 26. Nxb6 axb6 27. c7 Rac8 28. Bd6 Rfe8 29. Rfe1 Qf7 30. Rxe8+ Qxe8 31. Qd5+ Qf7 32. Qb7 Qd7 33. Qxb6 d3 34. Qb3+ Kh8 35. Qxd3 h5 36. b4 Kh7 37. Rd1 Qa4 38. Qd5 Qc2 39. Re1 Qc3 40. Re7 Kh8 41. Be5 Qe1+ 42. Kh2 Bxe5+ 43. Rxe5 Qxf2 44. Re7 Qf4+ 45. Kg1 Qc1+ 46. Kh2 Qf4+ 47. g3 Qf2+ 48. Qg2 Qxg2+ 49. Kxg2 Kg8 50. b5 Kf8 51. Rh7 Ke8 52. b6 Ra8 53. Rh8+ 1-0


[Site "https://www.chess.com"]